 Dungeon Crawl Stone Soup version 0.21.1-1-g345015f (webtiles) character file.

12894 Hebeh the Protected (level 11, -1/106 HPs)
             Began as a Deep Dwarf Fighter on June 17, 2018.
             Was an Elder of Makhleb.
             Succumbed to Sonja's poison
             ... on level 11 of the Dungeon.
             The game lasted 01:00:46 (8405 turns).

Hebeh the Protected (Deep Dwarf Fighter)            Turns: 8405, Time: 01:00:47

Health: -1/106     AC: 18    Str: 23    XL:     11   Next: 68%
Magic:  9/9        EV:  7    Int:  9    God:    Makhleb [****..]
Gold:   576        SH: 13    Dex: 12    Spells: 10/10 levels left

rFire    . . .     SeeInvis +   a - +0 war axe
rCold    . . .     Gourm    .   c - +1 shield
rNeg     . . .     Faith    .   A - +0 chain mail
rPois    +         Spirit   .   G - +2 hat {SInv}
rElec    .         Reflect  .   w - +2 cloak
rCorr    .         Harm     .   s - +0 pair of gloves
MR       +....                  (no boots)
Stlth    ..........             (no amulet)
HPRegen  0.00/turn              q - ring of magical power
MPRegen  0.11/turn              B - ring of poison resistance

@: lethally poisoned (-1 -> -13), non-regenerating, drained
A: damage resistance, heal wounds, sense surroundings 2, subdued magic 1, no
regeneration
a: Heal Wounds, Minor Destruction, Lesser Servant of Makhleb, Major Destruction,
Renounce Religion


You were on level 11 of the Dungeon.
You worshipped Makhleb.
Makhleb was greatly pleased with you.
You were not hungry.

You visited 2 branches of the dungeon, and saw 12 of its levels.

You collected 576 gold pieces.

Inventory:

Hand Weapons
 a - a +0 war axe (weapon)
 b - a +2 mace of venom
 I - the +5 trident of Plog {antimagic, *Contam *Drain Str+4 Int+9}
   (You found it on level 8 of the Dungeon)

   It reduces the magical energy of the wielder, and disrupts the spells and
   magical abilities of those hit.
   Natural abilities and divine invocations are not affected.
   It affects your strength (+4).
   It affects your intelligence (+9).
   It causes magical contamination when unequipped.
   It causes draining when unequipped.
 N - a +1 hand axe of freezing
 O - a cursed +2 spear of freezing
Armour
 c - a +1 shield (worn)
 s - a +0 pair of gloves (worn)
 w - a +2 cloak (worn)
 A - a +0 chain mail (worn)
 G - a +2 hat of see invisible (worn)
Jewellery
 q - a ring of magical power (left hand)
 B - a ring of poison resistance (right hand)
 P - an uncursed ring of stealth {unknown}
Wands
 x - a wand of flame (53)
 Q - a wand of iceblast (9)
Scrolls
 e - 5 scrolls of teleportation
 i - 5 scrolls of enchant armour
 o - 2 scrolls of immolation {unknown}
 u - a scroll of fear {unknown}
 v - 4 scrolls of noise {unknown}
 y - a scroll of magic mapping {unknown}
 C - a scroll of acquirement {unknown}
 F - 2 scrolls of blinking {unknown}
 K - a scroll of remove curse
 L - a scroll of amnesia
Potions
 d - a potion of might
 g - 5 potions of lignification {unknown}
 h - a potion of brilliance {unknown}
 j - 2 potions of agility {unknown}
 k - 2 potions of ambrosia {unknown}
 l - a potion of haste {unknown}
 m - 3 potions of heal wounds {unknown}
 n - 2 potions of cancellation {unknown}
 p - 7 potions of curing
 r - 3 potions of degeneration {unknown}
 z - a potion of mutation {unknown}
 E - 5 potions of resistance {unknown}
 H - a potion of invisibility {unknown}
Books
 t - a book of Misfortune

   Spells                             Type                      Level
   a - Confusing Touch                Hexes                        1
   b - Confuse                        Hexes                        3
   c - Gell's Gravitas                Translocation                3
   d - Petrify                        Transmutation/Earth          4
   e - Metabolic Englaciation         Hexes/Ice                    5
   f - Yara's Violent Unravelling     Hexes/Transmutation          5
 D - a book of Conjurations

   Spells                             Type                      Level
   a - Magic Dart                     Conjuration                  1
   b - Searing Ray                    Conjuration                  2
   c - Dazzling Spray                 Conjuration/Hexes            3
   d - Fulminant Prism                Conjuration/Hexes            4
   e - Force Lance                    Conjuration/Translocation    4
   f - Iskenderun's Mystic Blast      Conjuration                  4
 M - a book of Maledictions

   Spells                             Type                      Level
   a - Corona                         Hexes                        1
   b - Ensorcelled Hibernation        Hexes/Ice                    2
   c - Confuse                        Hexes                        3
   d - Tukima's Dance                 Hexes                        3
   e - Dazzling Spray                 Conjuration/Hexes            3
Comestibles
 f - 22 rations
 J - a chunk of flesh


   Skills:
 + Level 9.2(8.5) Fighting
 + Level 10.5(9.8) Axes
 + Level 10.8(10.1) Armour
 + Level 10.8(10.1) Shields


You had 10 spell levels left.
You didn't know any spells.

Dungeon Overview and Level Annotations

Branches:
Dungeon (11/15)            Temple (1/1) D:4            Lair (0/6) D:9
    Orc (0/2) D:11

Altars:
Ashenzari
Cheibriados
Dithmenos
Elyvilon
Fedhas
Gozag
Hepliaklqana
Kikubaaqudgha
Makhleb
Nemelex Xobeh
Okawaru
Qazlal
Ru
Sif Muna
Trog
Uskayaw
Vehumet
Wu Jian
Xom
Yredelemnul
Zin
The Shining One

Annotations:
D:3 exclusion: downstairs
D:11 Sonja


Innate Abilities, Weirdness & Mutations

You are resistant to damage.
You can heal yourself by infusing magical energy.
You passively map the area around you.
You do not regenerate.
Your spells are a little easier to cast, but a little less powerful.


Message History

Sonja hits you with an uncursed short sword of venom.
Sonja completely misses you.
Sonja mumbles some strange words.
Sonja blinks!
* * * LOW HITPOINT WARNING * * *
You feel very sick.
Sonja gestures wildly while chanting.
Sonja blinks!
Unknown command.
* * * LOW HITPOINT WARNING * * *
You feel very sick.
Unknown command.
* * * LOW HITPOINT WARNING * * *
You feel very sick.
Unknown command.
* * * LOW HITPOINT WARNING * * *
You feel sick.
You completely miss Sonja.
Sonja is heavily wounded.
You die...

, , , ,.. ,, * , **
########.#.##.# .# , , ,
#........#.##.##.##### *
**
,#.#..###.#.......#..". ,
#.#<....(...........#* *
* ,#.#.##.#....#.......#
, #.#..#.#....#.......##,
, *
#........#..#.........,,
* #.####.#.#@K.........#
, .........#.†(((......#,
, *
*#.###...#.#(.(....#.#.#*
* , >,........^.(.....#.#
# * ,* ###...........#.#
, ,* ###..........). * ,
, *, #........#.#.## ,*
,, * #.......##..## , , *
##.#.#..#####* * * ,


You could see Sonja.

Vanquished Creatures
  Gastronok (D:8)
  3 two-headed ogres
  Erica (D:8)
  The ghost of Unprinted the Spear-Bearer, a novice MiMo (D:7)
  Grinder (D:3)
  2 hippogriffs
  A wyvern (D:9)
  10 yaks
  The ghost of Hebeh the Shield-Bearer, an amateur DDFi (D:4)
  Grum (D:10)
  A wraith (D:7)
  2 hungry ghosts (D:10)
  Menkaure (D:5)
  Duvessa (D:5)
  A swamp drake (D:9)
  4 sky beasts
  3 ice beasts
  3 phantoms
  3 centaurs (D:10)
  7 ogres
  2 wolves (D:10)
  2 crocodiles (D:9)
  An elf zombie (D:7)
  Blork the orc (D:4)
  A big kobold (D:9)
  A bullfrog (D:6)
  Dowan (D:5)
  4 scorpions
  6 killer bees (D:10)
  4 wights
  A troll skeleton (D:7)
  4 howler monkeys
  An electric eel (D:6)
  8 crimson imps
  A centaur zombie (D:5)
  A bullfrog zombie (D:8)
  8 hounds
  3 orc priests
  A quasit (D:9)
  A bullfrog skeleton (D:5)
  6 human zombies (D:7)
  2 centaur skeletons
  A human skeleton (D:7)
  2 jellies
  Crazy Yiuf (D:3)
  Ijyb (D:5)
  Terence (D:3)
  6 orc wizards
  9 worker ants
  2 killer bee zombies
  The ghost of Iko the Charmwright, a weakling DDSk of Cheibriados (D:3)
  A hound zombie (D:9)
  A hound skeleton (D:7)
  A mummy (D:7)
  A worker ant zombie (D:10)
  5 gnolls
  12 adders
  3 shadow imps
  An ooze (D:3)
  An adder zombie (D:7)
  6 worms
  A dart slug (D:5)
  A leopard gecko (D:4)
  29 orcs
  5 giant cockroaches
  8 goblins
  3 hobgoblins
  15 jackals
  9 kobolds
  2 quokkas
  3 ball pythons
  10 bats
  5 frilled lizards
  A leopard gecko zombie (D:5)
  A quokka skeleton (D:8)
  4 rats
  3 fungi (D:3)
264 creatures vanquished.

Vanquished Creatures (others)
  A wyvern (D:9)
  A basilisk (D:9)
2 creatures vanquished.

Grand Total: 266 creatures vanquished

Notes
Turn   | Place    | Note
-------+----------+-------------------------------------------
     0 | D:1      | Hebeh the Deep Dwarf Fighter began the quest for the Orb.
     0 | D:1      | Reached XP level 1. HP: 20/20 MP: 1/1
     0 | D:1      | Noticed an orb of fire
     2 | D:1      | Noticed a large abomination
     4 | D:1      | Noticed a large abomination
     5 | D:1      | Noticed a large abomination
     6 | D:1      | Noticed an iron dragon
     7 | D:1      | Noticed a tentacled monstrosity
     8 | D:1      | Noticed an iron dragon
    10 | D:1      | Noticed a green draconian
    10 | D:1      | Noticed a shadow dragon
    12 | D:1      | Noticed an iron dragon
    14 | D:1      | Noticed a large abomination
    14 | D:1      | Noticed an orb of fire
    14 | D:1      | Noticed a green draconian
    16 | D:1      | Noticed an iron dragon
    18 | D:1      | Noticed a large abomination
    18 | D:1      | Noticed a shadow dragon
    20 | D:1      | Noticed an ice dragon
   328 | D:1      | Reached XP level 2. HP: 27/27 MP: 2/2
   918 | D:2      | Found a shadowy altar of Dithmenos.
  1051 | D:2      | Reached XP level 3. HP: 27/34 MP: 3/3
  1403 | D:2      | Reached XP level 4. HP: 23/42 MP: 4/4
  1438 | D:3      | Noticed Grinder
  1441 | D:3      | Paralysed by Grinder for 3 turns
  1448 | D:3      | Killed Grinder
  1448 | D:3      | Reached XP level 5. HP: 15/50 MP: 5/5
  1448 | D:3      | Reached XP level 6. HP: 17/57 MP: 6/6
  1599 | D:3      | Noticed Terence
  1608 | D:3      | Killed Terence
  1639 | D:3      | Noticed an ice beast
  1653 | D:3      | Killed an ice beast
  1653 | D:3      | Reached skill level 5 in Armour
  1653 | D:3      | Reached skill level 5 in Shields
  1747 | D:3      | Noticed Iko's ghost (weakling DDSk)
  1763 | D:3      | Killed Iko's ghost
  1829 | D:3      | Reached XP level 7. HP: 47/64 MP: 7/7
  1866 | D:3      | Found a burning altar of Makhleb.
  2024 | D:3      | Found a runed door.
  2028 | D:3      | Noticed Crazy Yiuf
  2036 | D:3      | Killed Crazy Yiuf
  2223 | D:4      | Noticed Hebeh's ghost (amateur DDFi)
  2382 | D:4      | Noticed Blork the orc
  2493 | D:4      | Reached skill level 5 in Axes
  2536 | D:4      | Found a staircase to the Ecumenical Temple.
  2542 | Temple   | Entered the Ecumenical Temple
  2967 | D:4      | Found a shattered altar of Ashenzari.
  2978 | D:4      | Found a shadowy altar of Dithmenos.
  3066 | D:4      | Killed Hebeh's ghost
  3066 | D:4      | Reached skill level 5 in Fighting
  3066 | D:4      | Reached XP level 8. HP: 16/74 MP: 7/7
  3314 | D:4      | Found a snail-covered altar of Cheibriados.
  3347 | D:3      | Became a worshipper of Makhleb the Destroyer
  3382 | D:4      | Killed Blork the orc
  3630 | D:5      | Entered Level 5 of the Dungeon
  3777 | D:5      | Noticed Menkaure
  3791 | D:5      | Killed Menkaure
  3940 | D:5      | Reached * piety under Makhleb
  3944 | D:5      | Noticed Duvessa
  3947 | D:5      | Noticed Dowan
  3960 | D:5      | Killed Duvessa
  3960 | D:5      | Killed Dowan
  4196 | D:5      | Noticed Ijyb
  4204 | D:5      | Killed Ijyb
  4300 | D:6      | Gained mutation: You passively map the area around you. [Deep Dwarf growth]
  4300 | D:6      | Reached XP level 9. HP: 39/82 MP: 8/8
  5190 | D:7      | Reached ** piety under Makhleb
  5297 | D:7      | Found an ancient bone altar of Kikubaaqudgha.
  5588 | D:7      | Noticed Unprinted's ghost (novice MiMo)
  5606 | D:7      | Killed Unprinted's ghost
  5642 | D:7      | Found a deep blue altar of Sif Muna.
  5798 | D:8      | Noticed a two-headed ogre
  5860 | D:8      | HP: 4/86 [two-headed ogre/dire flail (8)]
  5874 | D:8      | Killed a two-headed ogre
  5874 | D:8      | Reached XP level 10. HP: 93/94 MP: 6/6
  5970 | D:8      | Found a bloodstained altar of Trog.
  6056 | D:8      | Noticed Gastronok
  6089 | D:8      | Killed Gastronok
  6102 | D:8      | Got a transparent trident
  6128 | D:8      | Identified the +5 trident of Plog {antimagic, *Contam *Drain Str+4 Int+9} (You found it on level 8 of the Dungeon)
  6234 | D:8      | Noticed a two-headed ogre
  6247 | D:8      | Killed a two-headed ogre
  6322 | D:8      | Noticed Erica
  6340 | D:8      | Killed Erica
  6340 | D:8      | Reached XP level 11. HP: 39/104 MP: 4/5
  6368 | D:8      | Reached *** piety under Makhleb
  6392 | D:8      | Reached skill level 10 in Armour
  6618 | D:9      | Found a white marble altar of Elyvilon.
  6618 | D:9      | Found a stormy altar of Qazlal.
  6619 | D:9      | Found a blossoming altar of Fedhas.
  6643 | D:9      | Reached skill level 10 in Shields
  6828 | D:9      | Noticed a two-headed ogre
  6838 | D:9      | Killed a two-headed ogre
  7090 | D:9      | Reached skill level 10 in Axes
  7187 | D:9      | Found a staircase to the Lair.
  7488 | D:10     | Entered Level 10 of the Dungeon
  7522 | D:10     | Noticed Grum
  7551 | D:10     | Killed Grum
  7690 | D:10     | Gained mutation: Your spells are a little easier to cast, but a little less powerful. [mutagenic glow]
  7949 | D:10     | Reached **** piety under Makhleb
  8364 | D:11     | Noticed Sonja
  8403 | D:11     | HP: 4/106 [poisoned by Sonja]
  8405 | D:11     | Succumbed to Sonja's poison

Skill      XL: |  1  2  3  4  5  6  7  8  9 10 11 |
---------------+----------------------------------+-----
Fighting       | 3 4 5 6 7 8 9 |  9.2
Axes           | 3 4 5 6 8 9 10 | 10.5
Armour         | 4 5 6 7 8 9 10 | 10.8
Shields        | 4 5 6 7 8 9 10 | 10.8

Action                   |  1- 3 |  4- 6 |  7- 9 | 10-12 || total
-------------------------+-------+-------+-------+-------++-------
Melee: War axe           |   113 |   103 |   632 |   244 ||  1092
       Trident           |       |       |       |   303 ||   303
 Abil: Heal Wounds       |     2 |     4 |    29 |    14 ||    49
  Use: Scroll            |     3 |       |     8 |       ||    11
  Eat: Chunk             |     2 |     2 |    14 |    14 ||    32
       Ration            |       |       |       |     1 ||     1
Armor: Scale mail        |    63 |    53 |   121 |       ||   237
       Chain mail        |       |       |    92 |   342 ||   434
Dodge: Dodged            |    41 |    38 |   138 |   169 ||   386
Block: Shield            |    74 |    80 |   390 |   432 ||   976
